Wolfpack vs Wolves

Created - March 13, 2022 at 00:25

Goals
1 2 3 T
Wolfpack 0 0 0 0
Wolves 1 1 2 4
Shots
1 2 3 T
Wolfpack 13 2 9 24
Wolves 7 11 11 29

1st period

1. Wolves , Fredrik Olofsson 7 (Kyle Rau 36, Thomas Spelling 17) at 18:05

Penalties :
Fredrik Olofsson (Chi) for Tripping (Minor) at 9:15

2nd period

2. Wolves , Victor Olofsson 16 (Joe Morrow 33) at 17:18

Penalties :
Jeffrey Foss (Chi) for Hooking (Minor) at 0:06, Samuel Blais (Har) for Slashing (Minor) at 4:22, Samuel Montembeault (Har) for Slashing (Minor) at 13:19 - Vince Dunn served the penalty, Stefan Noesen (Har) for Roughing (Minor) at 13:22

3rd period

3. Wolves , Sebastian Aho 22 (Jeffrey Foss 22) at 11:34
4. Wolves , Sebastian Aho 23 (Alexandre Grenier 33) at 12:19

Penalties :
Fredrik Olofsson (Chi) for Elbowing (Minor) at 3:08, David Pope (Har) for Holding (Minor) at 5:18, Samuel Blais (Har) for Hooking (Minor) at 7:42

Goalie Stats

Samuel Montembeault (Har), 25 saves from 29 shots - (0.862), L, 14-11-2, 60:00 minutes
Laurent Brossoit (Chi), 24 saves from 24 shots - (1.000), W, 20-5-4, 60:00 minutes

Players Stats for Wolfpack

Player Name              G  A  P  +/- PIM S  H  SB GA TA FO     MP     PP MP  PK MP  
------------------------------------------------------------------------------------
Adam Lowry               0  0  0   0  0   0  0  0  0  0  0/0     1:11   0:00   0:43 
Alex Barre-Boulet        0  0  0  -2  0   0  0  0  0  0  0/1    12:17   0:00   1:28 
Andrew Peeke             0  0  0   0  0   0  0  0  0  0  0/0     0:00   0:00   0:00 
Colton White             0  0  0  -1  0   0  1  1  0  0  0/0    12:31   0:00   0:00 
Connor Chatam            0  0  0   0  0   1  0  0  0  1  0/0     8:20   0:06   0:00 
Dave Dziurzynski         0  0  0  -1  0   2  2  1  1  0  0/2    20:38   3:26   2:33 
David Pope               0  0  0  -2  2   0  0  0  1  0  0/0    11:23   0:06   0:12 
Derrick Pouliot          0  0  0  -2  0   2  2  2  2  0  0/0    22:22   2:28   4:46 
Dryden Hunt              0  0  0   0  0   1  0  0  0  0  0/0     8:15   0:00   0:03 
Henrik Samuelsson        0  0  0  -1  0   1  1  0  1  1  3/7    15:59   2:25   1:18 
Jake Marchment           0  0  0   0  0   0  0  0  0  0  0/0     0:00   0:00   0:00 
Joel Kiviranta           0  0  0   0  0   0  0  0  0  0  0/0     0:00   0:00   0:00 
Joshua Jacobs            0  0  0   0  0   0  0  0  0  0  0/0     0:00   0:00   0:00 
Kevin Roy                0  0  0   0  0   1  0  0  0  0  3/4     8:12   0:00   0:00 
Maxime Sauvé             0  0  0  -1  0   3  2  0  1  2  19/31  22:25   3:32   4:34 
Mikhail Sergachev        0  0  0  -1  0   1  2  0  0  2  0/0    25:07   3:29   3:13 
Ryan Culkin              0  0  0  -1  0   0  2  1  0  0  0/0    13:02   0:00   0:31 
Ryan Dzingel             0  0  0   0  0   0  0  0  0  0  0/0     0:00   0:00   0:00 
Samuel Blais             0  0  0  -1  4   4  2  1  1  2  1/1    15:06   2:25   0:00 
Sebastian Collberg       0  0  0  -1  0   0  2  0  0  1  2/2    14:33   2:25   0:00 
Seth Griffith            0  0  0  -2  0   2  1  0  1  1  2/5    10:36   0:00   0:00 
Stefan Noesen            0  0  0  -1  2   5  0  1  2  1  1/3    21:06   3:26   3:10 
Steven Santini           0  0  0  -2  0   0  2  0  0  0  0/0    22:22   2:28   4:46 
Vince Dunn               0  0  0  -1  0   1  1  2  2  1  0/0    24:36   3:29   2:42 
Will Borgen              0  0  0   0  0   0  0  0  0  0  0/0     0:00   0:00   0:00 

Players Stats for Wolves

Player Name              G  A  P  +/- PIM S  H  SB GA TA FO     MP     PP MP  PK MP  
------------------------------------------------------------------------------------
Alexandre Grenier        0  1  1   2  0   5  1  0  1  1  0/0    19:03   4:21   0:00 
Anton Lindholm           0  0  0   1  0   0  0  0  0  0  0/0    18:35   2:40   2:04 
Antti Suomela            0  0  0   1  0   3  1  0  1  0  2/4    12:45   0:00   0:27 
Fredrik Olofsson         1  0  1   1  4   1  1  0  0  0  0/1    17:30   3:10   0:49 
Jake Evans               0  0  0   0  0   1  0  0  0  1  1/3     6:57   0:00   0:00 
Jakub Zboril             0  0  0   0  0   0  0  1  0  0  0/0    10:14   0:00   0:00 
Jalen Chatfield          0  0  0   0  0   0  1  0  0  2  0/0    10:59   0:00   0:45 
Jeff Petry               0  0  0   1  0   2  0  1  0  1  0/0    18:35   2:40   2:04 
Jeffrey Foss             0  1  1   3  2   1  2  0  0  1  0/0    24:43   5:19   2:36 
Joe Morrow               0  1  1   3  0   1  1  2  1  0  0/0    25:41   5:19   3:53 
Joona Koppanen           0  0  0   0  0   0  0  0  0  0  0/0     0:00   0:00   0:00 
Kale Clague              0  0  0   0  0   0  0  0  0  0  0/0     5:30   0:00   0:00 
Kevin Stenlund           0  0  0   0  0   0  0  0  0  0  0/0     0:00   0:00   0:00 
Kieffer Bellows          0  0  0   1  0   0  0  1  0  0  1/1    12:42   0:26   0:22 
Kyle Rau                 0  1  1   1  0   3  2  0  1  0  10/25  21:19   4:35   3:23 
Lawson Crouse            0  0  0   2  0   3  0  3  0  3  0/0    24:52   4:20   3:15 
Liam O'Brien             0  0  0   0  0   0  0  0  0  0  0/0     0:00   0:00   0:00 
Matthew Highmore         0  0  0   0  0   0  0  0  0  0  0/0     0:00   0:00   0:00 
Samuel Girard            0  0  0   0  0   0  0  1  0  0  0/0     6:02   0:00   0:32 
Sebastian Aho            2  0  2   2  0   5  0  0  3  2  10/20  18:58   3:09   1:55 
Thomas Spelling          0  1  1   1  0   0  2  0  3  1  1/2    18:43   3:19   1:43 
Victor Olofsson          1  0  1   1  0   4  2  0  2  0  0/0    13:55   0:37   0:00 
Wade Allison             0  0  0   0  0   0  0  0  0  0  0/0     6:57   0:00   0:00 
Zachary Senyshyn         0  0  0   0  0   0  0  0  0  0  0/0     0:00   0:00   0:00 

3 Stars

1 - Laurent Brossoit (Chi)
2 - Sebastian Aho (Chi)
3 - Victor Olofsson (Chi)

Power Play

Wolfpack - 0 on 3 Attempt(s) - 0.00%
Wolves - 0 on 5 Attempt(s) - 0.00%

Penalty Kill

Wolfpack - 5 on 5 Attempt(s) - 100.00% - Score 0 goal in Penalty Kill
Wolves - 3 on 3 Attempt(s) - 100.00% - Score 0 goal in Penalty Kill

Team Stat

Wolfpack - Hits : 20 - Faceoff Wins : 31 - Blocked Shots : 9 - Penalty Minutes : 10
Wolves - Hits : 13 - Faceoff Wins : 25 - Blocked Shots : 9 - Penalty Minutes : 6

Official

Referees : Francis Charron and Chris Rooney
Linesman : Travis Toomey and Julien Fournier

Game Notes

No Game Note

Finance

Level 1 -- Attendance: 2000 (100.00%) -- Ticket Income $70,000
Level 2 -- Attendance: 989 (98.90%) -- Ticket Income $14,835
Total Attendance: 2989 (99.63%)
Total Ticket Income: $84,835
Other Income: $4,242
Total Income: $89,077

Wolfpack

5 vs 5 Forward 
   Center                   Left Wing                Right Wing               Time % Phy DF OF 
 1 Maxime Sauvé             Dave Dziurzynski         Stefan Noesen            40     1   2  2  
 2 Henrik Samuelsson        Samuel Blais             Sebastian Collberg       30     1   2  2  
 3 Seth Griffith            David Pope               Alex Barre-Boulet        20     1   2  2  
 4 Kevin Roy                Dryden Hunt              Connor Chatam            10     1   2  2  

5 vs 5 Defense 
   Defense                  Defense                                           Time % Phy DF OF 
 1 Vince Dunn               Mikhail Sergachev                                 40     1   2  2  
 2 Derrick Pouliot          Steven Santini                                    30     1   2  2  
 3 Ryan Culkin              Colton White                                      20     1   2  2  
 4 Vince Dunn               Mikhail Sergachev                                 10     1   2  2  

PowerPlay Forward 
   Center                   Left Wing                Right Wing               Time % Phy DF OF 
 1 Maxime Sauvé             Dave Dziurzynski         Stefan Noesen            60     1   2  2  
 2 Henrik Samuelsson        Samuel Blais             Sebastian Collberg       40     1   2  2  

PowerPlay Defense
   Defense                  Defense                                           Time % Phy DF OF 
 1 Vince Dunn               Mikhail Sergachev                                 60     1   2  2  
 2 Derrick Pouliot          Steven Santini                                    40     1   2  2  

Penalty Kill 4 Players Forward 
   Center                   Wing                     Time % Phy DF OF 
 1 Maxime Sauvé             Stefan Noesen            60     1   2  2  
 2 Dave Dziurzynski         Henrik Samuelsson        40     1   2  2  

Penalty Kill 4 Players Defense
   Defense                  Defense                  Time % Phy DF OF 
 1 Derrick Pouliot          Steven Santini           60     1   2  2  
 2 Vince Dunn               Mikhail Sergachev        40     1   2  2  

Penalty Kill - 3 Players Forward 
   Forward                                           Time % Phy DF OF 
 1 Maxime Sauvé                                      60     1   2  2  
 2 Stefan Noesen                                     40     1   2  2  

Penalty Kill - 3 Players Defense
   Defense                  Defense                  Time % Phy DF OF 
 1 Derrick Pouliot          Steven Santini           60     1   2  2  
 2 Vince Dunn               Mikhail Sergachev        40     1   2  2  

4 vs 4 Forward 
   Center                   Wing                     Time % Phy DF OF 
 1 Maxime Sauvé             Stefan Noesen            60     1   2  2  
 2 Dave Dziurzynski         Henrik Samuelsson        40     1   2  2  

4 vs 4 Defense
   Defense                  Defense                  Time % Phy DF OF 
 1 Vince Dunn               Mikhail Sergachev        60     1   2  2  
 2 Derrick Pouliot          Steven Santini           40     1   2  2  

Last Minutes Offensive
   Center                   Left Wing                Right Wing               Defense                  Defense                  
   Maxime Sauvé             Dave Dziurzynski         Stefan Noesen            Derrick Pouliot          Steven Santini           

Last Minutes Defensive
   Center                   Left Wing                Right Wing               Defense                  Defense                  
   Maxime Sauvé             Dave Dziurzynski         Stefan Noesen            Derrick Pouliot          Steven Santini           

Goaltenders
Starting : Samuel Montembeault      
Backup : Mike Condon              

Extra Forwards
Normal : Samuel Blais, Stefan Noesen, Alex Barre-Boulet - PP : Samuel Blais, Stefan Noesen - PK : Alex Barre-Boulet
Extra Defensemen
Normal : Derrick Pouliot, Ryan Culkin, Colton White - PP : Mikhail Sergachev - PK : Ryan Culkin, Colton White
Penalty Shots
Maxime Sauvé, Stefan Noesen, Dave Dziurzynski, Henrik Samuelsson, David Pope

Scratches
Jacob Middleton (Healthy), Keegan Kolesar (Healthy), Mikhail Vorobyev (Healthy), Alexander Barabanov (Healthy), Dante Fabbro (Healthy)
Jeffrey Viel (Healthy), Yegor Korshkov (Healthy), Jake Paterson (Healthy)

Wolves

5 vs 5 Forward 
   Center                   Left Wing                Right Wing               Time % Phy DF OF 
 1 Sebastian Aho            Lawson Crouse            Alexandre Grenier        40     1   2  2  
 2 Kyle Rau                 Fredrik Olofsson         Thomas Spelling          30     1   2  2  
 3 Antti Suomela            Kieffer Bellows          Victor Olofsson          20     1   2  2  
 4 Jake Evans               Lawson Crouse            Wade Allison             10     1   2  2  

5 vs 5 Defense 
   Defense                  Defense                                           Time % Phy DF OF 
 1 Jeffrey Foss             Joe Morrow                                        40     1   2  2  
 2 Anton Lindholm           Jeff Petry                                        30     1   2  2  
 3 Jakub Zboril             Jalen Chatfield                                   20     1   2  2  
 4 Samuel Girard            Kale Clague                                       10     1   2  2  

PowerPlay Forward 
   Center                   Left Wing                Right Wing               Time % Phy DF OF 
 1 Kyle Rau                 Lawson Crouse            Alexandre Grenier        60     1   2  2  
 2 Sebastian Aho            Fredrik Olofsson         Thomas Spelling          40     1   2  2  

PowerPlay Defense
   Defense                  Defense                                           Time % Phy DF OF 
 1 Jeffrey Foss             Joe Morrow                                        60     1   2  2  
 2 Anton Lindholm           Jeff Petry                                        40     1   2  2  

Penalty Kill 4 Players Forward 
   Center                   Wing                     Time % Phy DF OF 
 1 Kyle Rau                 Lawson Crouse            60     1   2  2  
 2 Sebastian Aho            Fredrik Olofsson         40     1   2  2  

Penalty Kill 4 Players Defense
   Defense                  Defense                  Time % Phy DF OF 
 1 Jeffrey Foss             Joe Morrow               60     1   2  2  
 2 Anton Lindholm           Jeff Petry               40     1   2  2  

Penalty Kill - 3 Players Forward 
   Forward                                           Time % Phy DF OF 
 1 Kyle Rau                                          60     1   2  2  
 2 Sebastian Aho                                     40     1   2  2  

Penalty Kill - 3 Players Defense
   Defense                  Defense                  Time % Phy DF OF 
 1 Jeffrey Foss             Joe Morrow               60     1   2  2  
 2 Anton Lindholm           Jeff Petry               40     1   2  2  

4 vs 4 Forward 
   Center                   Wing                     Time % Phy DF OF 
 1 Kyle Rau                 Lawson Crouse            60     1   2  2  
 2 Sebastian Aho            Fredrik Olofsson         40     1   2  2  

4 vs 4 Defense
   Defense                  Defense                  Time % Phy DF OF 
 1 Jeffrey Foss             Joe Morrow               60     1   2  2  
 2 Anton Lindholm           Jeff Petry               40     1   2  2  

Last Minutes Offensive
   Center                   Left Wing                Right Wing               Defense                  Defense                  
   Kyle Rau                 Lawson Crouse            Alexandre Grenier        Jeffrey Foss             Joe Morrow               

Last Minutes Defensive
   Center                   Left Wing                Right Wing               Defense                  Defense                  
   Kyle Rau                 Lawson Crouse            Alexandre Grenier        Jeffrey Foss             Joe Morrow               

Goaltenders
Starting : Laurent Brossoit         
Backup : Ebbe Siönäs              

Extra Forwards
Normal : Thomas Spelling, Victor Olofsson, Antti Suomela - PP : Thomas Spelling, Victor Olofsson - PK : Thomas Spelling
Extra Defensemen
Normal : Jalen Chatfield, Samuel Girard, Kale Clague - PP : Jalen Chatfield - PK : Jalen Chatfield, Samuel Girard
Penalty Shots
Alexandre Grenier, Kyle Rau, Sebastian Aho, Lawson Crouse, Thomas Spelling

Scratches
Eric Robinson (Strained Back Injury), Dylan Coghlan (Healthy), Sergei Kostenko (Healthy)

% Time on Ice - Wolfpack

Lines # - Real PCT - Wanted PCT - Time Play
Normal Forward
1 - 33% - 40% - 15:00
2 - 27% - 30% - 12:16
3 - 23% - 20% - 10:36
4 - 18% - 10% - 8:12
Normal Defense
1 - 40% - 40% - 18:38
2 - 30% - 30% - 13:55
3 - 27% - 20% - 12:31
4 - 2% - 10% - 1:00
PP Forward
1 - 59% - 60% - 3:32
2 - 41% - 40% - 2:25
PP Defense
1 - 59% - 60% - 3:29
2 - 41% - 40% - 2:28
PK Forward
1 - 79% - 60% - 4:45
2 - 21% - 40% - 1:18
PK Defense
1 - 55% - 60% - 3:21
2 - 45% - 40% - 2:42
PK3 Forward
1 - 72% - 60% - 1:24
2 - 28% - 40% - 0:32
PK3 Defense
1 - 73% - 60% - 1:25
2 - 27% - 40% - 0:31
44 Forward
1 - 0% - 60%
2 - 0% - 40%
44 Defense
1 - 0% - 60%
2 - 0% - 40%
Last Minute Offensive  - 0:00
Last Minute Defensive  - 0:00
Total
Forward - 60:00
Defense - 60:00

% Time on Ice - Wolves

Lines # - Real PCT - Wanted PCT - Time Play
Normal Forward
1 - 32% - 40% - 14:35
2 - 29% - 30% - 13:13
3 - 25% - 20% - 11:19
4 - 15% - 10% - 6:57
Normal Defense
1 - 36% - 40% - 16:29
2 - 30% - 30% - 13:51
3 - 22% - 20% - 10:14
4 - 12% - 10% - 5:30
PP Forward
1 - 58% - 60% - 4:40
2 - 42% - 40% - 3:19
PP Defense
1 - 67% - 60% - 5:19
2 - 33% - 40% - 2:40
PK Forward
1 - 68% - 60% - 4:02
2 - 32% - 40% - 1:55
PK Defense
1 - 65% - 60% - 3:53
2 - 35% - 40% - 2:04
PK3 Forward
1 - 0% - 60%
2 - 0% - 40%
PK3 Defense
1 - 0% - 60%
2 - 0% - 40%
44 Forward
1 - 0% - 60%
2 - 0% - 40%
44 Defense
1 - 0% - 60%
2 - 0% - 40%
Last Minute Offensive  - 0:00
Last Minute Defensive  - 0:00
Total
Forward - 60:00
Defense - 60:00

Play-by-Play

1st period


0:01 of 1st period - Sebastian Aho wins face-off versus Stefan Noesen in neutral zone.
0:52 of 1st period - Steven Santini is hit by Victor Olofsson and loses puck.
1:19 of 1st period - Wade Allison is hit by Colton White and loses puck.
1:36 of 1st period - Snap shot by Stefan Noesen.
1:36 of 1st period - Shot Misses the Net.
1:38 of 1st period - Wrist shot by Maxime Sauvé.
1:38 of 1st period - Shot Misses the Net.
2:21 of 1st period - Snap shot by Victor Olofsson.
2:21 of 1st period - Stopped by Samuel Montembeault with a rebound.
2:41 of 1st period - Jeffrey Foss is hit by Dave Dziurzynski and loses puck.
2:59 of 1st period - Icing by Sebastian Collberg.
3:00 of 1st period - Thomas Spelling wins face-off versus Henrik Samuelsson in Wolfpack zone.
3:31 of 1st period - Mikhail Sergachev is hit by Jalen Chatfield and loses puck.
3:46 of 1st period - Snap shot by Lawson Crouse.
3:46 of 1st period - Shot Misses the Net.
3:53 of 1st period - Icing by Jalen Chatfield.
3:54 of 1st period - Jake Evans wins face-off versus Dave Dziurzynski in Wolves zone.
4:03 of 1st period - Wrist shot by Dave Dziurzynski.
4:03 of 1st period - Stopped by Laurent Brossoit with a rebound.
4:05 of 1st period - Snap shot by Maxime Sauvé.
4:05 of 1st period - Shot Blocked by Lawson Crouse.
4:07 of 1st period - Slapshot by Stefan Noesen.
4:07 of 1st period - Shot Blocked by Lawson Crouse.
4:09 of 1st period - Wrist shot by Stefan Noesen.
4:09 of 1st period - Stopped by Laurent Brossoit with a rebound.
4:31 of 1st period - Wrist shot by Thomas Spelling.
4:31 of 1st period - Shot Blocked by Derrick Pouliot.
6:18 of 1st period - Off-side.
6:19 of 1st period - Sebastian Collberg wins face-off versus Thomas Spelling in neutral zone.
7:38 of 1st period - Slapshot by Vince Dunn.
7:38 of 1st period - Shot Misses the Net.
7:40 of 1st period - Slapshot by Mikhail Sergachev.
7:40 of 1st period - Stopped by Laurent Brossoit with a rebound.
7:42 of 1st period - Wrist shot by Seth Griffith.
7:42 of 1st period - Stopped by Laurent Brossoit with a rebound.
7:44 of 1st period - Slapshot by Vince Dunn.
7:44 of 1st period - Deflect By Seth Griffith.
7:44 of 1st period - Stopped by Laurent Brossoit without a rebound.
7:45 of 1st period - Sebastian Aho wins face-off versus Maxime Sauvé in Wolves zone.
8:00 of 1st period - Snap shot by Maxime Sauvé.
8:00 of 1st period - Stopped by Laurent Brossoit without a rebound.
8:01 of 1st period - Kevin Roy wins face-off versus Kyle Rau in Wolves zone.
9:15 of 1st period - Minor Penalty to Fredrik Olofsson for Tripping.
9:16 of 1st period - Kyle Rau wins face-off versus Maxime Sauvé in Wolves zone.
9:25 of 1st period - Snap shot by Kyle Rau.
9:25 of 1st period - Shot Misses the Net.
9:27 of 1st period - Snap shot by Lawson Crouse.
9:27 of 1st period - Stopped by Samuel Montembeault without a rebound.
9:28 of 1st period - Maxime Sauvé wins face-off versus Kyle Rau in Wolfpack zone.
9:57 of 1st period - Slapshot by Vince Dunn.
9:57 of 1st period - Shot Blocked by Joe Morrow.
9:59 of 1st period - Snap shot by Sebastian Collberg.
9:59 of 1st period - Shot Misses the Net.
10:01 of 1st period - Snap shot by Samuel Blais.
10:01 of 1st period - Shot Misses the Net.
10:03 of 1st period - Wrist shot by Samuel Blais.
10:03 of 1st period - Shot Misses the Net.
11:15 of 1st period - Penalty to Fredrik Olofsson is over, Fredrik Olofsson is back on ice.
11:51 of 1st period - Lawson Crouse is hit by Mikhail Sergachev and loses puck.
12:20 of 1st period - Dryden Hunt is hit by Jeffrey Foss.
13:20 of 1st period - Slapshot by Stefan Noesen.
13:20 of 1st period - Stopped by Laurent Brossoit without a rebound.
13:21 of 1st period - Maxime Sauvé wins face-off versus Sebastian Aho in Wolves zone.
13:22 of 1st period - Snap shot by Stefan Noesen.
13:22 of 1st period - Stopped by Laurent Brossoit with a rebound.
13:24 of 1st period - Wrist shot by Maxime Sauvé.
13:24 of 1st period - Stopped by Laurent Brossoit with a rebound.
13:32 of 1st period - Snap shot by Dave Dziurzynski.
13:32 of 1st period - Stopped by Laurent Brossoit without a rebound.
13:33 of 1st period - Maxime Sauvé wins face-off versus Kyle Rau in Wolves zone.
13:46 of 1st period - Snap shot by Dave Dziurzynski.
13:46 of 1st period - Deflect By Stefan Noesen.
13:46 of 1st period - Shot Misses the Net.
13:46 of 1st period - Puck is out of play.
13:47 of 1st period - Sebastian Aho wins face-off versus Maxime Sauvé in Wolves zone.
14:43 of 1st period - Off-side.
14:44 of 1st period - Maxime Sauvé wins face-off versus Sebastian Aho in neutral zone.
16:19 of 1st period - Snap shot by Kyle Rau.
16:19 of 1st period - Stopped by Samuel Montembeault with a rebound.
17:29 of 1st period - Icing by Thomas Spelling.
17:30 of 1st period - Kevin Roy wins face-off versus Sebastian Aho in Wolves zone.
17:33 of 1st period - Snap shot by Dryden Hunt.
17:33 of 1st period - Stopped by Laurent Brossoit with a rebound.
17:41 of 1st period - Snap shot by Sebastian Aho.
17:41 of 1st period - Stopped by Samuel Montembeault with a rebound.
17:55 of 1st period - Wrist shot by Stefan Noesen.
17:55 of 1st period - Shot Misses the Net.
18:01 of 1st period - Snap shot by Kyle Rau.
18:01 of 1st period - Shot Blocked by Vince Dunn.
18:03 of 1st period - Wrist shot by Kyle Rau.
18:03 of 1st period - Stopped by Samuel Montembeault with a rebound.
18:05 of 1st period - Wrist shot by Fredrik Olofsson.
18:05 of 1st period - Goal by Fredrik Olofsson - Wolfpack : 0 - Wolves : 1.
18:06 of 1st period - Sebastian Aho wins face-off versus Maxime Sauvé in neutral zone.
18:38 of 1st period - Snap shot by Henrik Samuelsson.
18:38 of 1st period - Shot Hit the Post.
18:40 of 1st period - Wrist shot by Vince Dunn.
18:40 of 1st period - Stopped by Laurent Brossoit with a rebound.
18:50 of 1st period - Snap shot by Antti Suomela.
18:50 of 1st period - Shot Misses the Net.
18:52 of 1st period - Backhand shot by Antti Suomela.
18:52 of 1st period - Stopped by Samuel Montembeault with a rebound.
19:39 of 1st period - Slapshot by Stefan Noesen.
19:39 of 1st period - Stopped by Laurent Brossoit without a rebound.
19:40 of 1st period - Samuel Blais wins face-off versus Kyle Rau in Wolves zone.
Goals for this period are 0 for Wolfpack vs 1 for Wolves.
Shots for this period are 13 for Wolfpack vs 7 for Wolves.

2nd period


0:01 of 2nd period - Maxime Sauvé wins face-off versus Sebastian Aho in neutral zone.
0:01 of 2nd period - Maxime Sauvé is hit by Alexandre Grenier.
0:06 of 2nd period - Minor Penalty to Jeffrey Foss for Hooking.
0:07 of 2nd period - Maxime Sauvé wins face-off versus Kyle Rau in Wolves zone.
1:34 of 2nd period - Vince Dunn is hit by Fredrik Olofsson and loses puck.
2:06 of 2nd period - Penalty to Jeffrey Foss is over, Jeffrey Foss is back on ice.
2:20 of 2nd period - Antti Suomela is hit by Mikhail Sergachev and loses puck.
3:31 of 2nd period - Victor Olofsson is hit by Samuel Blais and loses puck.
3:35 of 2nd period - Icing by Alexandre Grenier.
3:36 of 2nd period - Henrik Samuelsson wins face-off versus Sebastian Aho in Wolves zone.
3:55 of 2nd period - Wrist shot by Alexandre Grenier.
3:55 of 2nd period - Stopped by Samuel Montembeault with a rebound.
3:57 of 2nd period - Snap shot by Alexandre Grenier.
3:57 of 2nd period - Shot Blocked by Ryan Culkin.
3:59 of 2nd period - Snap shot by Alexandre Grenier.
3:59 of 2nd period - Shot Blocked by Colton White.
4:03 of 2nd period - Snap shot by Alexandre Grenier.
4:03 of 2nd period - Shot Blocked by Samuel Blais.
4:15 of 2nd period - Slapshot by Sebastian Aho.
4:15 of 2nd period - Stopped by Samuel Montembeault with a rebound.
4:17 of 2nd period - Wrist shot by Alexandre Grenier.
4:17 of 2nd period - Shot Misses the Net.
4:22 of 2nd period - Minor Penalty to Samuel Blais for Slashing.
4:23 of 2nd period - Maxime Sauvé wins face-off versus Kyle Rau in Wolfpack zone.
6:22 of 2nd period - Penalty to Samuel Blais is over, Samuel Blais is back on ice.
7:43 of 2nd period - Joe Morrow is hit by Sebastian Collberg and loses puck.
8:44 of 2nd period - Wrist shot by Sebastian Collberg.
8:44 of 2nd period - Shot Blocked by Jakub Zboril.
9:24 of 2nd period - Vince Dunn is hit by Thomas Spelling and loses puck.
10:24 of 2nd period - Snap shot by Connor Chatam.
10:24 of 2nd period - Stopped by Laurent Brossoit with a rebound.
11:34 of 2nd period - Sebastian Aho is hit by Henrik Samuelsson and loses puck.
12:12 of 2nd period - Jeffrey Foss is hit by Maxime Sauvé and loses puck.
12:21 of 2nd period - Wrist shot by Stefan Noesen.
12:21 of 2nd period - Stopped by Laurent Brossoit without a rebound.
12:22 of 2nd period - Seth Griffith wins face-off versus Jake Evans in Wolves zone.
12:51 of 2nd period - Fredrik Olofsson is hit by Ryan Culkin and loses puck.
13:00 of 2nd period - Wrist shot by Maxime Sauvé.
13:00 of 2nd period - Shot Misses the Net.
13:10 of 2nd period - Kieffer Bellows is hit by Samuel Blais and loses puck.
13:19 of 2nd period - Snap shot by Victor Olofsson.
13:19 of 2nd period - Stopped by Samuel Montembeault without a rebound.
13:19 of 2nd period - Minor Penalty to Samuel Montembeault for Slashing.
13:20 of 2nd period - Maxime Sauvé wins face-off versus Kyle Rau in Wolfpack zone.
13:22 of 2nd period - Minor Penalty to Stefan Noesen for Roughing.
13:23 of 2nd period - Maxime Sauvé wins face-off versus Kyle Rau in Wolfpack zone.
13:26 of 2nd period - Off-side.
13:27 of 2nd period - Maxime Sauvé wins face-off versus Kyle Rau in neutral zone.
13:32 of 2nd period - Wrist shot by Kyle Rau.
13:32 of 2nd period - Deflect By Alexandre Grenier.
13:32 of 2nd period - Shot Misses the Net.
13:32 of 2nd period - Puck is out of play.
13:33 of 2nd period - Maxime Sauvé wins face-off versus Kyle Rau in Wolfpack zone.
13:45 of 2nd period - Slapshot by Joe Morrow.
13:45 of 2nd period - Stopped by Samuel Montembeault without a rebound.
13:46 of 2nd period - Maxime Sauvé wins face-off versus Kyle Rau in Wolfpack zone.
14:25 of 2nd period - Off-side.
14:26 of 2nd period - Kyle Rau wins face-off versus Alex Barre-Boulet in neutral zone.
15:19 of 2nd period - Penalty to Vince Dunn is over, Vince Dunn is back on ice.
15:22 of 2nd period - Penalty to Stefan Noesen is over, Stefan Noesen is back on ice.
15:25 of 2nd period - Stefan Noesen is hit by Antti Suomela and loses puck.
15:34 of 2nd period - Wrist shot by Victor Olofsson.
15:34 of 2nd period - Stopped by Samuel Montembeault without a rebound.
15:35 of 2nd period - Antti Suomela wins face-off versus Henrik Samuelsson in Wolfpack zone.
15:38 of 2nd period - Wrist shot by Antti Suomela.
15:38 of 2nd period - Shot Misses the Net.
15:40 of 2nd period - Wrist shot by Victor Olofsson.
15:40 of 2nd period - Deflect By Kieffer Bellows.
15:40 of 2nd period - Shot Blocked by Vince Dunn.
15:40 of 2nd period - Puck is out of play.
15:41 of 2nd period - Henrik Samuelsson wins face-off versus Antti Suomela in Wolfpack zone.
15:48 of 2nd period - Slapshot by Antti Suomela.
15:48 of 2nd period - Stopped by Samuel Montembeault without a rebound.
15:49 of 2nd period - Maxime Sauvé wins face-off versus Sebastian Aho in Wolfpack zone.
16:14 of 2nd period - Jeffrey Foss is hit by Seth Griffith and loses puck.
16:23 of 2nd period - Wrist shot by Kyle Rau.
16:23 of 2nd period - Stopped by Samuel Montembeault without a rebound.
16:24 of 2nd period - Maxime Sauvé wins face-off versus Kyle Rau in Wolfpack zone.
16:37 of 2nd period - Steven Santini is hit by Thomas Spelling and loses puck.
16:58 of 2nd period - Anton Lindholm is hit by Steven Santini.
17:18 of 2nd period - Snap shot by Victor Olofsson.
17:18 of 2nd period - Goal by Victor Olofsson - Wolfpack : 0 - Wolves : 2.
17:19 of 2nd period - Maxime Sauvé wins face-off versus Sebastian Aho in neutral zone.
17:31 of 2nd period - Slapshot by Alexandre Grenier.
17:31 of 2nd period - Stopped by Samuel Montembeault with a rebound.
17:33 of 2nd period - Slapshot by Jeffrey Foss.
17:33 of 2nd period - Stopped by Samuel Montembeault without a rebound.
17:34 of 2nd period - Sebastian Collberg wins face-off versus Sebastian Aho in Wolfpack zone.
17:39 of 2nd period - Snap shot by Henrik Samuelsson.
17:39 of 2nd period - Shot Blocked by Lawson Crouse.
18:38 of 2nd period - Icing by Kieffer Bellows.
18:39 of 2nd period - Kieffer Bellows wins face-off versus Kevin Roy in Wolves zone.
19:10 of 2nd period - Slapshot by Kyle Rau.
19:10 of 2nd period - Shot Misses the Net.
19:12 of 2nd period - Slapshot by Kyle Rau.
19:12 of 2nd period - Shot Blocked by Stefan Noesen.
19:32 of 2nd period - Snap shot by Henrik Samuelsson.
19:32 of 2nd period - Shot Misses the Net.
19:44 of 2nd period - Slapshot by Jake Evans.
19:44 of 2nd period - Stopped by Samuel Montembeault without a rebound.
19:45 of 2nd period - Seth Griffith wins face-off versus Jake Evans in Wolfpack zone.
19:58 of 2nd period - Slapshot by Mikhail Sergachev.
19:58 of 2nd period - Deflect By Seth Griffith.
19:58 of 2nd period - Shot Hit the Post.
19:58 of 2nd period - Puck is out of play.
19:59 of 2nd period - Sebastian Aho wins face-off versus Maxime Sauvé in Wolves zone.
Goals for this period are 0 for Wolfpack vs 1 for Wolves.
Shots for this period are 2 for Wolfpack vs 11 for Wolves.

3rd period


0:01 of 3rd period - Sebastian Aho wins face-off versus Maxime Sauvé in neutral zone.
1:19 of 3rd period - Anton Lindholm is hit by Steven Santini and loses puck.
1:50 of 3rd period - Anton Lindholm is hit by Sebastian Collberg.
2:06 of 3rd period - Wrist shot by Samuel Blais.
2:06 of 3rd period - Stopped by Laurent Brossoit without a rebound.
2:07 of 3rd period - Antti Suomela wins face-off versus Seth Griffith in Wolves zone.
2:14 of 3rd period - Seth Griffith is hit by Victor Olofsson.
2:22 of 3rd period - Wrist shot by Antti Suomela.
2:22 of 3rd period - Stopped by Samuel Montembeault without a rebound.
2:23 of 3rd period - Stefan Noesen wins face-off versus Sebastian Aho in Wolfpack zone.
3:02 of 3rd period - Snap shot by Samuel Blais.
3:02 of 3rd period - Stopped by Laurent Brossoit with a rebound.
3:08 of 3rd period - Minor Penalty to Fredrik Olofsson for Elbowing.
3:09 of 3rd period - Kyle Rau wins face-off versus Maxime Sauvé in Wolves zone.
3:21 of 3rd period - Off-side.
3:22 of 3rd period - Maxime Sauvé wins face-off versus Kyle Rau in neutral zone.
4:14 of 3rd period - Wrist shot by Sebastian Aho.
4:14 of 3rd period - Shot Misses the Net.
4:20 of 3rd period - Stefan Noesen is hit by Joe Morrow and loses puck.
4:34 of 3rd period - Icing by Vince Dunn.
4:35 of 3rd period - Kyle Rau wins face-off versus Henrik Samuelsson in Wolfpack zone.
5:08 of 3rd period - Penalty to Fredrik Olofsson is over, Fredrik Olofsson is back on ice.
5:18 of 3rd period - Minor Penalty to David Pope for Holding.
5:19 of 3rd period - Maxime Sauvé wins face-off versus Kyle Rau in Wolfpack zone.
5:19 of 3rd period - Maxime Sauvé is hit by Kyle Rau.
5:47 of 3rd period - Wrist shot by Sebastian Aho.
5:47 of 3rd period - Shot Misses the Net.
5:49 of 3rd period - Slapshot by Jeffrey Foss.
5:49 of 3rd period - Shot Misses the Net.
5:51 of 3rd period - Snap shot by Sebastian Aho.
5:51 of 3rd period - Shot Misses the Net.
5:53 of 3rd period - Slapshot by Jeffrey Foss.
5:53 of 3rd period - Shot Misses the Net.
7:18 of 3rd period - Penalty to David Pope is over, David Pope is back on ice.
7:27 of 3rd period - Snap shot by Kevin Roy.
7:27 of 3rd period - Shot Blocked by Kieffer Bellows.
7:29 of 3rd period - Wrist shot by Dryden Hunt.
7:29 of 3rd period - Deflect By Connor Chatam.
7:29 of 3rd period - Shot Misses the Net.
7:29 of 3rd period - Puck is out of play.
7:30 of 3rd period - Henrik Samuelsson wins face-off versus Antti Suomela in Wolves zone.
7:31 of 3rd period - Slapshot by Samuel Blais.
7:31 of 3rd period - Stopped by Laurent Brossoit with a rebound.
7:42 of 3rd period - Minor Penalty to Samuel Blais for Hooking.
7:43 of 3rd period - Kyle Rau wins face-off versus Maxime Sauvé in Wolfpack zone.
7:45 of 3rd period - Snap shot by Kyle Rau.
7:45 of 3rd period - Shot Blocked by Derrick Pouliot.
7:47 of 3rd period - Wrist shot by Lawson Crouse.
7:47 of 3rd period - Stopped by Samuel Montembeault without a rebound.
7:48 of 3rd period - Maxime Sauvé wins face-off versus Kyle Rau in Wolfpack zone.
8:01 of 3rd period - Snap shot by Steven Santini.
8:01 of 3rd period - Shot Blocked by Joe Morrow.
8:56 of 3rd period - Icing by Kyle Rau.
8:57 of 3rd period - Kyle Rau wins face-off versus Dave Dziurzynski in Wolves zone.
9:42 of 3rd period - Penalty to Samuel Blais is over, Samuel Blais is back on ice.
9:49 of 3rd period - Icing by Alexandre Grenier.
9:50 of 3rd period - Kyle Rau wins face-off versus Seth Griffith in Wolves zone.
10:57 of 3rd period - Wrist shot by David Pope.
10:57 of 3rd period - Shot Blocked by Samuel Girard.
11:22 of 3rd period - Wrist shot by Thomas Spelling.
11:22 of 3rd period - Shot Misses the Net.
11:34 of 3rd period - Slapshot by Sebastian Aho.
11:34 of 3rd period - Goal by Sebastian Aho - Wolfpack : 0 - Wolves : 3.
11:35 of 3rd period - Sebastian Aho wins face-off versus Maxime Sauvé in neutral zone.
11:43 of 3rd period - Derrick Pouliot is hit by Jeffrey Foss and loses puck.
12:17 of 3rd period - Wrist shot by Sebastian Aho.
12:17 of 3rd period - Shot Misses the Net.
12:19 of 3rd period - Snap shot by Sebastian Aho.
12:19 of 3rd period - Goal by Sebastian Aho - Wolfpack : 0 - Wolves : 4.
12:20 of 3rd period - Kyle Rau wins face-off versus Stefan Noesen in neutral zone.
12:20 of 3rd period - Kyle Rau is hit by Dave Dziurzynski.
12:28 of 3rd period - Off-side.
12:29 of 3rd period - Kyle Rau wins face-off versus Maxime Sauvé in neutral zone.
12:29 of 3rd period - Kyle Rau is hit by Vince Dunn.
12:34 of 3rd period - Jeff Petry is hit by Maxime Sauvé and loses puck.
12:41 of 3rd period - Mikhail Sergachev is hit by Kyle Rau and loses puck.
12:48 of 3rd period - Snap shot by Thomas Spelling.
12:48 of 3rd period - Shot Misses the Net.
12:50 of 3rd period - Slapshot by Jeff Petry.
12:50 of 3rd period - Stopped by Samuel Montembeault with a rebound.
12:52 of 3rd period - Slapshot by Jeff Petry.
12:52 of 3rd period - Stopped by Samuel Montembeault without a rebound.
12:53 of 3rd period - Sebastian Aho wins face-off versus Henrik Samuelsson in Wolfpack zone.
12:58 of 3rd period - Snap shot by Lawson Crouse.
12:58 of 3rd period - Shot Misses the Net.
13:00 of 3rd period - Slapshot by Jeffrey Foss.
13:00 of 3rd period - Shot Misses the Net.
13:02 of 3rd period - Slapshot by Jeffrey Foss.
13:02 of 3rd period - Shot Misses the Net.
13:04 of 3rd period - Wrist shot by Alexandre Grenier.
13:04 of 3rd period - Stopped by Samuel Montembeault without a rebound.
13:05 of 3rd period - Sebastian Aho wins face-off versus Maxime Sauvé in Wolfpack zone.
13:18 of 3rd period - Snap shot by Lawson Crouse.
13:18 of 3rd period - Stopped by Samuel Montembeault without a rebound.
13:19 of 3rd period - Maxime Sauvé wins face-off versus Sebastian Aho in Wolfpack zone.
13:34 of 3rd period - Wrist shot by Lawson Crouse.
13:34 of 3rd period - Shot Blocked by Dave Dziurzynski.
13:52 of 3rd period - Snap shot by David Pope.
13:52 of 3rd period - Shot Misses the Net.
13:54 of 3rd period - Slapshot by Derrick Pouliot.
13:54 of 3rd period - Stopped by Laurent Brossoit without a rebound.
13:55 of 3rd period - Kyle Rau wins face-off versus Seth Griffith in Wolves zone.
14:31 of 3rd period - Snap shot by Maxime Sauvé.
14:31 of 3rd period - Stopped by Laurent Brossoit with a rebound.
14:49 of 3rd period - Snap shot by Henrik Samuelsson.
14:49 of 3rd period - Shot Blocked by Jeff Petry.
15:01 of 3rd period - Wrist shot by Kyle Rau.
15:01 of 3rd period - Deflect By Vince Dunn.
15:01 of 3rd period - Shot Misses the Net.
15:01 of 3rd period - Puck is out of play.
15:02 of 3rd period - Kevin Roy wins face-off versus Fredrik Olofsson in Wolfpack zone.
15:14 of 3rd period - Slapshot by Connor Chatam.
15:14 of 3rd period - Deflect By Kevin Roy.
15:14 of 3rd period - Stopped by Laurent Brossoit without a rebound.
15:15 of 3rd period - Sebastian Aho wins face-off versus Maxime Sauvé in Wolves zone.
15:24 of 3rd period - Wrist shot by Sebastian Aho.
15:24 of 3rd period - Stopped by Samuel Montembeault with a rebound.
15:46 of 3rd period - Snap shot by Sebastian Collberg.
15:46 of 3rd period - Shot Misses the Net.
15:48 of 3rd period - Slapshot by Derrick Pouliot.
15:48 of 3rd period - Stopped by Laurent Brossoit with a rebound.
15:55 of 3rd period - Slapshot by Henrik Samuelsson.
15:55 of 3rd period - Stopped by Laurent Brossoit with a rebound.
16:05 of 3rd period - Antti Suomela is hit by Derrick Pouliot and loses puck.
16:30 of 3rd period - Lawson Crouse is hit by Ryan Culkin and loses puck.
17:39 of 3rd period - Slapshot by Alexandre Grenier.
17:39 of 3rd period - Stopped by Samuel Montembeault with a rebound.
17:41 of 3rd period - Snap shot by Alexandre Grenier.
17:41 of 3rd period - Stopped by Samuel Montembeault with a rebound.
18:13 of 3rd period - Snap shot by Victor Olofsson.
18:13 of 3rd period - Shot Misses the Net.
18:27 of 3rd period - Jeff Petry is hit by Derrick Pouliot and loses puck.
19:22 of 3rd period - Slapshot by Dave Dziurzynski.
19:22 of 3rd period - Shot Misses the Net.
19:39 of 3rd period - Snap shot by Samuel Blais.
19:39 of 3rd period - Stopped by Laurent Brossoit with a rebound.
Goals for this period are 0 for Wolfpack vs 2 for Wolves.
Shots for this period are 9 for Wolfpack vs 11 for Wolves.